Map: Galactic Process LE

Players

Phoverlord - Winner!

  • Race: Protoss Protoss
  • League: Diamond

lIlIlIlIlIlI

  • Race: Zerg Zerg
  • League: Diamond

VOD

Have the link to the VOD?

Description

Time

  • Played on: Aug. 10, 2016, 1:28 a.m.
  • Length: 23:19
Show
View Real Time Build Order
Export as new Build Order

Phoverlord Protoss - Winner!

Build Orders: 1 Gate Expand 

Get SALT Encoding   

  12  0:01  Probe (Chrono Boost)  
  13  0:12  Probe (Chrono Boost)  
  14  0:21  Pylon  
  14  0:24  Probe (Chrono Boost)  
  15  0:39  Probe (Chrono Boost)  
  16  0:48  Gateway  
  16  0:49  Probe (Chrono Boost)  
  17  0:57  Assimilator  
  17  1:00  Probe (Chrono Boost)  
  18  1:10  Probe (Chrono Boost)  
  19  1:26  Gateway  
  19  1:37  Nexus  
  19  1:42  Probe (Chrono Boost)  
  20  1:50  Cybernetics Core  
  20  1:54  Pylon  
  20  1:56  Probe (Chrono Boost)  
  21  2:06  Zealot  
  23  2:13  Probe (Chrono Boost)  
  24  2:23  Probe (Chrono Boost)  
  24  2:28  Adept  
  27  2:30  Adept  
  27  2:35  Probe (Chrono Boost)  
  27  2:36  Warp Gate  
  30  2:39  Assimilator  
  30  2:47  Probe (Chrono Boost)  
  30  2:50  Probe (Chrono Boost)  
  32  2:52  Adept  
  32  2:54  Adept  
  37  2:59  Probe (Chrono Boost)  
  37  3:03  Probe (Chrono Boost)  
  38  3:32  Adept x2  
  38  3:39  Pylon, Probe (Chrono Boost)  
  43  3:47  Gateway  
  41  3:50  Probe (Chrono Boost)  
  41  3:54  Probe (Chrono Boost)  
  45  4:02  Twilight Council  
  45  4:03  Mothership Core (Chrono Boost)  
  46  4:10  Probe (Chrono Boost)  
  46  4:16  Stalker  
  46  4:17  Adept  
  50  4:20  Probe (Chrono Boost)  
  50  4:21  Probe (Chrono Boost)  
  51  4:38  Probe x2 (Chrono Boost)  
  52  4:47  Resonating Glaives  
  52  4:49  Probe (Chrono Boost)  
  51  5:00  Probe (Chrono Boost)  
  51  5:02  Robotics Facility  
  51  5:03  Probe (Chrono Boost)  
  51  5:12  Probe (Chrono Boost)  
  51  5:13  Adept  
  51  5:14  Adept x2  
  52  5:15  Assimilator, Nexus  
  52  5:18  Assimilator  
  54  5:24  Pylon  
  54  5:42  Probe (Chrono Boost)  
  56  5:43  Probe (Chrono Boost)  
  56  5:44  Adept  
  56  5:45  Adept  
  56  5:49  Warp Prism  
  62  5:57  Robotics Bay  
  62  5:58  Pylon  
  62  6:03  Probe (Chrono Boost)  
  62  6:08  Pylon  
  62  6:10  Robotics Facility  
  62  6:16  Probe (Chrono Boost)  
  62  6:17  Adept x3  
  62  6:18  Probe (Chrono Boost)  
  70  6:27  Probe (Chrono Boost)  
  70  6:30  Probe (Chrono Boost)  
  70  6:42  Pylon  
  70  6:44  Gateway  
  70  7:00  Immortal, Probe (Chrono Boost)  
  76  7:02  Adept, Probe (Chrono Boost)  
  78  7:27  Probe (Chrono Boost)  
  77  7:34  Nexus  
  77  7:35  Disruptor  
  78  7:37  Pylon  
  78  7:38  Pylon  
  78  7:40  Pylon  
  78  7:41  Disruptor  
  75  7:44  Pylon  
  75  7:45  Stalker  
  75  7:48  Pylon  
  77  7:52  Pylon  
  77  7:53  Pylon  
  77  7:59  Pylon  
  77  8:00  Blink  
  77  8:02  Stalker x2  
  81  8:07  Pylon  
  81  8:11  Disruptor  
  84  8:17  Disruptor  
  87  8:20  Stalker  
  82  8:36  Probe (Chrono Boost)  
  82  8:37  Probe (Chrono Boost)  
  82  8:39  Stalker x3  
  80  8:46  Stalker  
  57  9:12  Stalker x4  
  57  9:15  Probe x3 (Chrono Boost)  
  68  9:19  Immortal x2  
  76  9:30  Probe (Chrono Boost)  
  77  9:32  Pylon x2  
  77  9:37  Pylon  
  77  9:45  Stalker x4  
  74  9:55  Probe (Chrono Boost)  
  74  9:58  Observer, Probe (Chrono Boost)  
  74  9:59  Observer  
  75  10:04  Probe (Chrono Boost)  
  76  10:10  Probe (Chrono Boost)  
  76  10:11  Probe (Chrono Boost)  
  76  10:12  Forge  
  74  10:15  Gateway, Probe (Chrono Boost)  
  74  10:17  Pylon  
  74  10:19  Stalker x4, Disruptor  
  80  10:37  Immortal  
  82  10:49  Stalker x4  
  86  10:55  Immortal  
  78  11:10  Probe (Chrono Boost)  
  73  11:14  Stalker x3  
  73  11:17  Probe (Chrono Boost)  
  77  11:22  Probe (Chrono Boost)  
  77  11:24  Gateway  
  78  11:25  Stalker  
  78  11:28  Gateway  
  78  11:29  Stalker  
  78  11:30  Gateway  
  82  11:35  Gateway  
  71  11:42  Stalker x2  
  71  11:53  Stalker x2  
  71  11:59  Stalker  
  72  12:02  Probe (Chrono Boost)  
  72  12:07  Adept  
  73  12:13  Adept  
  73  12:20  Adept x2  
  73  12:25  Probe (Chrono Boost)  
  74  12:36  Sentry x2  
  75  12:48  Nexus  
  74  12:54  Sentry  
  75  13:06  Sentry  
  77  13:18  Stalker  
  77  13:19  Stalker  
  81  13:22  Probe (Chrono Boost)  
  81  13:24  Probe (Chrono Boost)  
  83  13:33  Probe (Chrono Boost)  
  84  13:36  Probe (Chrono Boost)  
  85  13:43  Probe (Chrono Boost)  
  85  13:46  Disruptor  
  85  13:47  Stalker  
  85  13:48  Stalker  
  93  13:50  Probe (Chrono Boost)  
  93  13:55  Assimilator  
  94  14:00  Probe (Chrono Boost)  
  94  14:01  Assimilator  
  95  14:07  Probe x2 (Chrono Boost)  
  97  14:19  Photon Cannon  
  97  14:31  Stalker x3  
  91  15:13  Stalker x3  
  89  15:21  Pylon  
  89  15:23  Pylon  
  89  15:26  Pylon  
  89  15:28  Stalker x2  
  83  16:13  Adept x5  
  83  16:14  Adept x3  
  95  16:35  Stalker x4  
  95  16:36  Stalker x2  
  99  16:52  Stalker x2  
  97  16:58  Stalker x2  
  97  16:59  Stalker  
  101  17:06  Disruptor  
  101  17:16  Adept  
  101  17:17  Adept  
  105  17:42  Adept  
  105  17:43  Adept x4, Disruptor  
  118  17:59  Sentry x2  
  122  18:11  Forge  
  122  18:15  Stalker x2  
  126  18:28  Observer  
  126  18:29  Observer  
  128  18:57  Stalker x3, Disruptor x2  
  140  19:15  Stalker x3  
  146  19:19  Adept  
  146  19:33  Observer  
  146  19:35  Mothership Core (Chrono Boost)  
  149  19:39  Photon Cannon  
  149  19:50  Adept  
  145  20:34  Nexus  
  145  20:44  Pylon x2  
  145  21:02  Photon Cannon  
  145  21:53  Pylon  
  145  21:55  Pylon  
  145  21:58  Adept  
  140  23:00  Nexus  
Show
View Real Time Build Order
Export as new Build Order

lIlIlIlIlIlI Zerg 

Build Orders: 3 Hatch before Pool, Lurkers 

Get SALT Encoding   

  12  0:01  Drone  
  13  0:08  Drone  
  14  0:16  Overlord  
  14  0:31  Drone x2, Extractor x2  
  14  0:35  Drone  
  17  0:56  Hatchery  
  16  0:58  Drone  
  16  1:01  Drone  
  18  1:24  Hatchery  
  17  1:36  Spawning Pool  
  17  1:39  Drone  
  17  1:42  Drone  
  17  1:46  Drone  
  19  1:53  Drone  
  20  2:04  Drone  
  21  2:19  Drone x2  
  21  2:21  Drone  
  24  2:26  Queen  
  24  2:28  Queen  
  28  2:32  Extractor  
  28  2:33  Drone  
  28  2:35  Overlord  
  28  2:43  Drone  
  28  2:44  Drone x2  
  30  2:45  Drone  
  30  2:47  Drone  
  33  2:53  Queen  
  35  2:58  Drone  
  35  2:59  Drone x2  
  35  3:05  Spine Crawler  
  37  3:12  Zergling x6  
  40  3:27  Zergling x6  
  42  3:34  Metabolic Boost  
  42  3:38  Roach Warren  
  42  3:39  Drone  
  42  3:40  Overlord x2  
  42  3:46  Spine Crawler  
  40  3:56  Drone  
  40  3:58  Overlord x2  
  40  4:00  Drone x4  
  45  4:04  Extractor  
  44  4:13  Spine Crawler  
  43  4:18  Drone x5  
  43  4:19  Drone x2  
  48  4:36  Roach x4  
  48  4:37  Roach x3  
  58  4:53  Roach  
  58  4:54  Roach  
  58  4:55  Zergling x18  
  68  5:05  Drone x3  
  69  5:20  Roach  
  69  5:21  Roach  
  73  5:22  Overlord x4  
  73  5:30  Extractor  
  73  5:33  Lair  
  72  5:36  Drone x2  
  72  5:38  Overlord x5  
  74  5:44  Ravager  
  75  5:50  Zergling x6  
  75  5:51  Zergling x10  
  82  6:05  Roach x4  
  86  6:19  Drone x8  
  86  6:25  Extractor  
  93  6:31  Glial Reconstitution  
  90  6:36  Evolution Chamber  
  90  6:37  Evolution Chamber  
  88  6:50  Extractor  
  88  6:51  Hatchery  
  88  6:52  Extractor  
  85  6:59  Roach x10  
  105  7:06  Drone x3  
  105  7:07  Drone x2  
  110  7:13  Overlord  
  106  7:17  Burrow  
  97  7:23  Drone x3  
  97  7:24  Drone  
  98  7:36  Drone x4  
  100  7:37  Drone  
  99  7:45  Drone  
  99  7:46  Drone x2  
  102  7:59  Tunneling Claws  
  102  8:01  Zerg Missile Weapons Level 1  
  102  8:07  Ravager x3  
  102  8:12  Roach x2  
  75  8:50  Roach  
  75  8:51  Roach x10  
  89  9:05  Zergling x14  
  78  9:19  Roach x2, Queen  
  78  9:26  Roach x11  
  78  9:28  Roach  
  78  9:29  Roach x3  
  83  9:52  Roach x10  
  80  10:00  Roach x9  
  80  10:05  Roach x9  
  78  10:08  Roach x6  
  78  10:10  Roach x8  
  86  10:17  Roach  
  86  10:18  Roach x8  
  102  10:28  Roach x6  
  98  10:35  Zergling x2  
  98  10:36  Zergling x14  
  98  10:38  Roach x3  
  98  10:39  Roach x2  
  105  10:52  Roach x5  
  105  10:53  Zergling x16  
  83  11:19  Drone x10  
  83  11:20  Drone x2  
  85  11:34  Zergling x12  
  75  11:42  Zergling x8  
  77  11:47  Hydralisk Den  
  77  11:52  Queen  
  68  12:02  Drone x4  
  70  12:11  Drone  
  70  12:12  Drone x3  
  71  12:18  Lurker Den  
  67  12:29  Drone x8  
  74  12:33  Extractor  
  74  12:36  Hydralisk x3  
  75  12:40  Zerg Missile Weapons Level 2  
  79  12:45  Zerg Ground Armor Level 1  
  79  12:55  Extractor  
  78  13:01  Hydralisk x5  
  78  13:05  Zergling x4  
  90  13:22  Zergling x16  
  98  13:35  Hatchery  
  93  13:42  Hydralisk  
  93  13:43  Hydralisk x7  
  93  13:48  Lurker x3  
  112  13:49  Lurker  
  113  14:00  Spore Crawler  
  113  14:01  Spore Crawler  
  111  14:11  Hydralisk x6  
  123  14:19  Extractor  
  123  14:20  Extractor  
  123  14:22  Muscular Augments  
  111  14:59  Hydralisk x16  
  102  15:10  Hydralisk x3  
  102  15:12  Zerg Ground Armor Level 2  
  99  15:16  Drone, Infestation Pit  
  99  15:17  Drone x2  
  99  15:18  Drone x3  
  99  15:20  Queen  
  106  15:30  Lurker  
  106  15:35  Lurker x3  
  88  15:46  Zergling x26  
  88  15:47  Zergling x2  
  88  15:56  Hive  
  80  16:11  Hydralisk  
  80  16:12  Hydralisk x6  
  86  16:23  Zergling x2  
  86  16:24  Zergling x16  
  90  16:34  Drone, Zergling x10  
  76  16:49  Zergling x4  
  76  16:50  Zergling x14  
  76  16:52  Zergling x2  
  76  16:54  Zergling x2  
  58  17:03  Hydralisk  
  58  17:04  Hydralisk  
  53  17:22  Hydralisk x5  
  55  17:31  Hydralisk x4  
  48  17:40  Hydralisk  
  48  17:41  Hydralisk  
  44  17:51  Lurker x4  
  35  18:07  Lurker x2  
  35  18:09  Hydralisk x5  
  41  18:30  Lair  
  41  18:31  Spawning Pool  
  40  18:36  Lurker x3  
  40  18:38  Lurker  
  44  18:48  Zergling x4  
  46  18:49  Zergling x2  
  47  19:17  Zergling x14  
  52  19:31  Hydralisk Den  
  48  20:03  Lurker Den  
  48  20:04  Hydralisk x4  
  53  20:37  Hatchery  
  53  20:41  Spore Crawler  
  48  20:59  Hydralisk x3  
  54  21:07  Drone  
  54  21:08  Drone  
  54  21:29  Lurker x6  
  60  21:37  Lurker  
  60  21:54  Hydralisk x3  
  60  22:29  Hydralisk x2  
  54  22:30  Hydralisk x2  
  54  22:31  Lurker x2  
  54  22:33  Lurker  
Tags
 
Add a new tag
Caveats
  • Supply blocks, unpowered buildings, or Contaminate may cause inaccurate times.
  • Supply counts are checked every 10 seconds.